 Dungeon Sprint DCSS version 0.19-a0-1254-gb9c29c0 (webtiles) character file.

567 truemonolith the Basher (level 7, -15/50 HPs)
             Began as a Demonspawn Gladiator on Aug 27, 2016.
             Was a Believer of Makhleb.
             Killed by divine providence
             ... invoked by a meliai
              (16 damage)
             ... in the Dungeon (Sprint IX: "|||||||||||||||||||||||||||||").
             The game lasted 00:03:41 (706 turns).

truemonolith the Basher (Demonspawn Gladiator)       Turns: 706, Time: 00:03:41

Health: -15/50     AC: 13    Str: 18    XL:     7   Next: 11%
Magic:  7/7        EV:  8    Int: 10    God:    Makhleb [**....]
Gold:   0          SH:  0    Dex: 15    Spells: 0 memorised, 6 levels left

rFire  . . .     SeeInvis .     t - +2 morningstar (crush)
rCold  . . .     Gourm    .     r - +1 chain mail
rNeg   . . .     Faith    .     (no shield)
rPois  .         Spirit   .     o - +0 helmet
rElec  .         Dismiss  .     (no cloak)
rCorr  .         Reflect  .     (no gloves)
MR     .....     Harm     .     s - +0 pair of boots
Stlth  .......... NoTele   +    (no amulet)
                                q - +2 ring of protection
                                p - +3 ring of strength

@: very slightly contaminated, hasted, very quick
A: hooves 1, demonic guardian 1, powered by death 1
a: Minor Destruction, Renounce Religion


You were in the Dungeon.
You worshipped Makhleb.
Makhleb was pleased with you.
You were near starving.

You visited 1 branch

Inventory:

Hand Weapons
 a - a +0 flail
 t - a +2 morningstar of crushing (weapon)
Missiles
 d - 3 throwing nets (quivered)
Armour
 b - a +0 leather armour
 c - a +0 helmet
 o - a +0 helmet (worn)
 r - a +1 chain mail (worn)
 s - a +0 pair of boots (worn)
Jewellery
 p - a +3 ring of strength (left hand)
 q - a +2 ring of protection (right hand)
Wands
 n - a wand of lightning (7/15)
Scrolls
 k - 2 scrolls of blinking
 l - 3 scrolls of remove curse
 m - 2 scrolls of amnesia
Potions
 e - 5 potions of curing
 g - a potion of heal wounds
 i - 4 potions of magic
 j - a potion of invisibility
Comestibles
 f - a bread ration


   Skills:
 - Level 2.0 Fighting
 + Level 13.7 Maces & Flails
 - Level 1.7 Throwing
 - Level 2.6 Dodging


You had 6 spell levels left.
You didn't know any spells.

Dungeon Overview and Level Annotations

Branches:
Dungeon (1/1)

Altars:
Cheibriados
Dithmenos
Elyvilon
Fedhas
Gozag
Hepliaklqana
Kikubaaqudgha
Makhleb
Nemelex Xobeh
Okawaru
Qazlal
Ru
Sif Muna
Trog
Uskayaw
Vehumet
Xom
Yredelemnul
Zin
The Shining One
Beogh
Jiyva
Lugonu


Innate Abilities, Weirdness & Mutations

You have large cloven feet.
A weak demonic guardian rushes to your aid.
You regenerate a little health from kills.


Message History

You are near starving!
The four-headed hydra bites you but does no damage.
The four-headed hydra bites you!
The four-headed hydra bites you but does no damage. x2
You hit the four-headed hydra.
The four-headed hydra is moderately wounded.
You impale the four-headed hydra!!
The four-headed hydra is heavily wounded.
The four-headed hydra closely misses you.
The four-headed hydra bites you but does no damage. x2
The four-headed hydra bites you.
* * * LOW HITPOINT WARNING * * *
The meliai calls down the wrath of its god upon you.
Something smites you!
* * * LOW HITPOINT WARNING * * *
You puncture the four-headed hydra!
The four-headed hydra is severely wounded.
The meliai invokes the aid of its god against you.
Something smites you!
You die...

▓|▓
▓H▓
▓.▓
▓y▓
▓Y▓
▓O▓
▓o▓
▓D▓
▓@▓
▓_▓
▓_▓
▓_▓
▓_▓
▓_▓
▓_▓
▓_▓
▓_▓


You could see a four-headed hydra, a manticore, a yak, an orc warrior, an ogre
and a meliai.

Vanquished Creatures
  A hungry ghost (D)
  An orc warrior (D)
  A wasp (D)
  An ice beast (D)
  A big kobold (D)
  A giant frog (D)
  An orc wizard (D)
  A worker ant (D)
  A giant cockroach (D)
  A kobold (D)
  A quokka (D)
  A ball python skeleton (D)
  A bat (D)
  A jackal zombie (D)
  2 rats (D)
16 creatures vanquished.

Notes
Turn   | Place    | Note
-------+----------+-------------------------------------------
     0 | D        | truemonolith the Demonspawn Gladiator began the quest for the Orb.
     0 | D        | Reached XP level 1. HP: 16/16 MP: 1/1
     5 | D        | Reached skill level 3 in Maces & Flails
    16 | D        | Reached skill level 4 in Maces & Flails
    77 | D        | Noticed an orc wizard
    77 | D        | Noticed an ice beast
    86 | D        | Killed an ice beast
    86 | D        | Reached skill level 8 in Maces & Flails
    86 | D        | Gained mutation: A weak demonic guardian rushes to your aid. [demonic ancestry]
    86 | D        | Reached XP level 2. HP: 11/22 MP: 2/2
    86 | D        | Gained mutation: You have large cloven feet. [demonic ancestry]
    86 | D        | Reached XP level 3. HP: 14/27 MP: 3/3
    86 | D        | Reached XP level 4. HP: 17/33 MP: 4/4
    93 | D        | Reached skill level 9 in Maces & Flails
   436 | D        | Found a roughly hewn altar of Beogh.
   436 | D        | Found a snail-covered altar of Cheibriados.
   436 | D        | Found a shadowy altar of Dithmenos.
   436 | D        | Found a white marble altar of Elyvilon.
   436 | D        | Found a blossoming altar of Fedhas.
   436 | D        | Found an opulent altar of Gozag.
   437 | D        | Found a hazy altar of Hepliaklqana.
   438 | D        | Found a viscous altar of Jiyva.
   439 | D        | Found an ancient bone altar of Kikubaaqudgha.
   440 | D        | Found a corrupted altar of Lugonu.
   441 | D        | Found a burning altar of Makhleb.
   442 | D        | Found a sparkling altar of Nemelex Xobeh.
   443 | D        | Found an iron altar of Okawaru.
   444 | D        | Found a stormy altar of Qazlal.
   445 | D        | Found a sacrificial altar of Ru.
   446 | D        | Found a deep blue altar of Sif Muna.
   447 | D        | Found a bloodstained altar of Trog.
   448 | D        | Found a hide-covered altar of Uskayaw.
   449 | D        | Found a radiant altar of Vehumet.
   450 | D        | Found a shimmering altar of Xom.
   451 | D        | Found a basalt altar of Yredelemnul.
   452 | D        | Found a glowing silver altar of Zin.
   453 | D        | Found a glowing golden altar of the Shining One.
   485 | D        | Became a worshipper of Makhleb the Destroyer
   564 | D        | Noticed an orc warrior
   564 | D        | Noticed a big kobold
   564 | D        | Noticed a hungry ghost
   564 | D        | Noticed a wasp
   564 | D        | Noticed a giant frog
   568 | D        | Killed a giant frog
   568 | D        | Reached skill level 10 in Maces & Flails
   568 | D        | Reached XP level 5. HP: 29/38 MP: 5/5
   574 | D        | Killed a wasp
   574 | D        | Reached skill level 11 in Maces & Flails
   574 | D        | Gained mutation: You regenerate a little health from kills. [demonic ancestry]
   574 | D        | Reached XP level 6. HP: 30/44 MP: 6/6
   597 | D        | Killed a hungry ghost
   597 | D        | Reached * piety under Makhleb
   597 | D        | Reached skill level 12 in Maces & Flails
   605 | D        | Reached skill level 13 in Maces & Flails
   615 | D        | Killed an orc warrior
   615 | D        | Reached ** piety under Makhleb
   615 | D        | Reached XP level 7. HP: 38/50 MP: 7/7
   671 | D        | Noticed a manticore
   671 | D        | Noticed a meliai
   671 | D        | Noticed a yak
   671 | D        | Noticed a four-headed hydra
   705 | D        | HP: 1/50 [meliai/divine providence (13)]
   706 | D        | Killed from afar by a meliai

Vault maps used:
D:        linesprint

Skill      XL: |  1  2  3  4  5  6 |
---------------+-------------------+-----
Maces & Flails | 8 10 11 13 | 13.7
Fighting       | |  2.0
Throwing       | |  1.7
Dodging        | |  2.6

Action                   |  1- 3 |  4- 6 |  7- 9 || total
-------------------------+-------+-------+-------++-------
Melee: Flail             |    20 |     6 |       ||    26
       Morningstar       |       |    29 |     9 ||    38
       Kick              |       |     1 |       ||     1
  Use: Potion            |     1 |     2 |     1 ||     4
Armor: Leather armour    |     3 |       |       ||     3
       Chain mail        |       |    13 |     5 ||    18
Dodge: Dodged            |    10 |     6 |     3 ||    19
